 Dungeon Crawl Stone Soup version 0.27.0-1-g7a089689b8 (webtiles) character file.

Game seed: 13411929945687667414

7351 nxtlvl the Spear-Bearer (level 11, -10/86 HPs)
             Began as a Human Gladiator on Aug 17, 2021.
             Was a Priest of Cheibriados.
             Mangled by a komodo dragon (24 damage)
             ... on level 1 of the Lair of Beasts.
             The game lasted 00:47:11 (4624 turns).

nxtlvl the Spear-Bearer (Human Gladiator)           Turns: 4624, Time: 00:47:11

Health: -10/86     AC: 10    Str: 26    XL:     11   Next: 35%
Magic:  11/11      EV: 18    Int: 17    God:    Cheibriados [***...]
Gold:   381        SH:  0    Dex: 22    Spells: 10/10 levels left

rFire    . . .     SeeInvis .   a - +0 trident
rCold    . . .     Faith    .   (no shield)
rNeg     . . .     Spirit   .   h - +0 acid dragon scales
rPois    +         Reflect  .   d - +0 helmet
rElec    +         Harm     .   (no cloak)
rCorr    +         Rampage  .   e - +0 pair of gloves
Will     .....                  (no boots)
Stlth    +.........             z - amulet of regeneration
HPRegen  1.24/turn              p - ring of poison resistance
MPRegen  0.12/turn              o - +6 ring of strength

@: weak-willed, very slow
A: iridescent scales 1, strong-willed 1, electricity resistance
a: Renounce Religion, Bend Time, Temporal Distortion


You were on level 1 of the Lair of Beasts.
You worshipped Cheibriados.
Cheibriados was most pleased with you.
You visited 3 branches of the dungeon, and saw 11 of its levels.

You collected 381 gold pieces.

Inventory:

Hand Weapons
 a - a +0 trident (weapon)
 n - a +0 hand crossbow
Missiles
 i - a throwing net
 k - 23 sling bullets
 m - 44 poisoned darts (quivered)
 B - 163 stones
 O - a curare-tipped dart
Armour
 c - a +0 ring mail
 d - a +0 helmet (worn)
 e - a +0 pair of gloves (worn)
 f - a +0 scale mail
 g - a +0 chain mail
 h - +0 acid dragon scales (worn)
Magical Staves
 H - a staff of air
Jewellery
 l - a +6 ring of intelligence
 o - a +6 ring of strength (right hand)
 p - a ring of poison resistance (left hand)
 z - an amulet of regeneration (around neck)
 P - a ring of see invisible
 T - an amulet of guardian spirit
Wands
 v - a wand of flame (31)
 D - a wand of polymorph (5)
 E - a wand of iceblast (7)
 U - a wand of digging (4)
Scrolls
 j - 2 scrolls of amnesia {unknown}
 t - a scroll of enchant armour {unknown}
 w - 3 scrolls of fear {unknown}
 y - a scroll of fog {unknown}
 C - 3 scrolls of noise {unknown}
 F - 2 scrolls of silence {unknown}
 G - 3 scrolls of vulnerability
 I - a scroll of magic mapping {unknown}
 K - a scroll of blinking {unknown}
 M - a scroll of brand weapon {unknown}
 Q - a scroll of torment {unknown}
 S - a scroll of summoning {unknown}
Potions
 b - 3 potions of curing
 q - a potion of heal wounds
 r - 2 potions of attraction
 s - 2 potions of magic {unknown}
 u - 2 potions of mutation
 x - a potion of flight
 A - 2 potions of brilliance {unknown}
 J - a potion of haste
 L - 2 potions of invisibility {unknown}
 R - a potion of lignification {unknown}


   Skills:
 + Level 8.3 Fighting
 * Level 12.5 Polearms
 - Level 2.0 Throwing
 + Level 8.6 Dodging


You had 10 spell levels left.
You didn't know any spells.
Your spell library was empty.

Dungeon Overview and Level Annotations

Branches:
Dungeon (9/15)             Temple (1/1) D:7            Lair (1/6) D:9
    Orc: D:9-12

Altars:
Cheibriados
Dithmenos
Elyvilon
Fedhas
Gozag
Hepliaklqana
Kikubaaqudgha
Makhleb
Okawaru
Qazlal
Ru
Sif Muna
Trog
Vehumet
Zin
The Shining One

Annotations:
D:2 exclusion: jelly, Terence
D:4 exclusion: downstairs
D:5 3 runed translucent doors, mainiacjoe's ghost, novice NaDe
D:8 exclusion: downstairs


Innate Abilities, Weirdness & Mutations

You are partially covered in iridescent scales. (AC +2)
You are strong-willed. (Will+)
You are resistant to electric shocks. (rElec)


Message History

The komodo dragon is lightly wounded.
The komodo dragon bites you!
* * * LOW HITPOINT WARNING * * *
Aiming: Paralyse
Press: ? - help, Shift-Dir - straight line, f - komodo dragon
Aim: a komodo dragon (lightly wounded, weak-willed, chance to affect: 46%)
The komodo dragon resists with some effort.
The komodo dragon closely misses you.
Aiming: Paralyse
Press: ? - help, Shift-Dir - straight line, f/p - komodo dragon
Aim: a komodo dragon (lightly wounded, weak-willed, chance to affect: 46%)
The komodo dragon resists with some effort.
The komodo dragon bites you.
* * * LOW HITPOINT WARNING * * *
Unknown command.
Aiming: Paralyse
Press: ? - help, Shift-Dir - straight line, f/p - komodo dragon
Aim: a komodo dragon (lightly wounded, weak-willed, chance to affect: 46%)
The komodo dragon resists with some effort.
The now-empty wand crumbles to dust.
The komodo dragon completely misses you.
Unknown command.
Okay, then.
It was a potion of mutation.
You feel extremely strange.
You feel strong-willed.
Iridescent scales grow over part of your body.
You feel insulated.
The komodo dragon bites you but does no damage.
It was a potion of heal wounds.
You feel much better.
The komodo dragon completely misses you.
You hit the komodo dragon.
The komodo dragon is lightly wounded.
You hit the komodo dragon.
The komodo dragon is moderately wounded.
The komodo dragon bites you!!
* * * LOW HITPOINT WARNING * * *
You hit the komodo dragon.
The komodo dragon is moderately wounded.
The komodo dragon bites you!!
You die...

# #........# ....# #
#........# #...# # #........#
##...####### # #........#
#..........# ####........####
#..........#
##.#.........#.####.........#
............................#
................#...........#
####..#.##^.##..@#..........#
#..####..####l#..#.......#
#...# #..####.####.......#
#..## #....##.. #.......#
#..# #....##.. #.......#
#..####.....##.# #.......#
..........#.. .........
.........#.##$ .......
...##.......### ...


You could see a komodo dragon (weak-willed).

Vanquished Creatures
  A hydra (Lair:1)
  A two-headed ogre (D:8)
  Pikel (D:7)
  A cane toad (Lair:1)
  Maggie (D:6)
  A kobold demonologist (D:8)
  A komodo dragon (D:9)
  Grinder (D:4)
  A vampire (D:8)
  4 wyverns
  7 yaks
  Duvessa (D:4)
  3 water moccasins
  A black bear (D:5)
  A sky beast (D:7)
  An ice beast (D:6)
  A necrophage (D:7)
  A wolf (Lair:1)
  An ogre (D:7)
  3 centaurs
  3 kobold brigands (D:8)
  A bullfrog (D:9)
  A scorpion (D:6)
  Dowan (D:4)
  A water moccasin zombie (D:6)
  A wyvern zombie (D:8)
  6 killer bees (D:9)
  5 wights (D:8)
  A howler monkey (D:6)
  A bullfrog zombie (D:5)
  A centaur zombie (D:8)
  2 hounds
  A jelly (D:7)
  An iguana (D:4)
  An orc wizard (D:7)
  3 killer bee zombies
  A hound skeleton (D:4)
  5 adders
  2 shadow imps (D:8)
  A white imp (D:5)
  An adder skeleton (D:4)
  2 worms
  2 dart slugs
  15 orcs
  4 ball pythons
  5 endoplasms
  A giant cockroach (D:3)
  3 goblins (D:1)
  4 hobgoblins
  5 jackals
  29 kobolds
  2 quokkas
  6 bats
  3 frilled lizards
  7 kobold skeletons (D:8)
  11 kobold zombies (D:8)
  A rat (D:3)
173 creatures vanquished.

Vanquished Creatures (others)
  24 plants
24 creatures vanquished.

Grand Total: 197 creatures vanquished

Notes
Turn   | Place    | Note
-------+----------+-------------------------------------------
     0 | D:1      | nxtlvl the Human Gladiator began the quest for the Orb.
     0 | D:1      | Reached XP level 1. HP: 16/16 MP: 1/1
    52 | D:1      | Found a faded altar of an unknown god.
    92 | D:1      | Reached XP level 2. HP: 17/22 MP: 2/2
   144 | D:2      | Noticed Terence
   457 | D:2      | Reached skill level 4 in Polearms
   457 | D:2      | Reached XP level 3. HP: 26/27 MP: 3/3
   726 | D:3      | Found an iron altar of Okawaru.
   954 | D:4      | Reached skill level 5 in Polearms
   954 | D:4      | Reached XP level 4. HP: 33/33 MP: 4/4
   977 | D:4      | Reached XP level 5. HP: 38/38 MP: 5/5
  1037 | D:4      | Found a glowing golden altar of the Shining One.
  1290 | D:5      | Entered Level 5 of the Dungeon
  1302 | D:5      | Reached skill level 6 in Polearms
  1316 | D:5      | Noticed mainiacjoe's ghost (novice NaDe)
  1342 | D:4      | Noticed Duvessa
  1342 | D:4      | Noticed Dowan
  1345 | D:4      | Noticed Grinder
  1430 | D:4      | Paralysed by Grinder for 4 turns
  1476 | D:5      | Reached XP level 6. HP: 40/44 MP: 6/6
  1493 | D:5      | Found a runed translucent gate.
  1493 | D:5      | Found a runed translucent gate.
  1493 | D:5      | Found a runed translucent gate.
  1631 | D:5      | Noticed a water moccasin
  1644 | D:5      | Noticed a black bear
  1688 | D:5      | Killed a black bear
  1737 | D:5      | Noticed a water moccasin
  2047 | D:4      | Killed Grinder
  2048 | D:4      | Reached skill level 7 in Polearms
  2048 | D:4      | Reached XP level 7. HP: 27/52 MP: 7/7
  2077 | D:4      | Killed Duvessa
  2082 | D:4      | Killed Dowan
  2237 | D:5      | Found a shimmering blue altar of Sif Muna.
  2241 | D:5      | Reached XP level 8. HP: 59/59 MP: 8/8
  2485 | D:6      | Reached skill level 8 in Polearms
  2488 | D:6      | Noticed Maggie
  2536 | D:6      | Reached skill level 5 in Dodging
  2540 | D:6      | Killed Maggie
  2541 | D:6      | Reached XP level 9. HP: 51/67 MP: 9/9
  2696 | D:7      | Noticed Pikel
  2795 | D:7      | Found a white marble altar of Elyvilon.
  2853 | D:7      | Reached skill level 9 in Polearms
  2872 | D:7      | Reached skill level 5 in Fighting
  3229 | D:7      | Found a staircase to the Ecumenical Temple.
  3237 | Temple   | Entered the Ecumenical Temple
  3241 | Temple   | Became a worshipper of Cheibriados the Contemplative
  3268 | D:7      | Killed Pikel
  3269 | D:7      | Reached skill level 10 in Polearms
  3482 | D:8      | Reached XP level 10. HP: 60/74 MP: 10/10
  3546 | D:8      | Found a blossoming altar of Fedhas.
  3709 | D:8      | Reached * piety under Cheibriados
  3827 | D:8      | Reached ** piety under Cheibriados
  3861 | D:8      | Noticed a kobold demonologist
  3881 | D:8      | Killed a kobold demonologist
  3940 | D:8      | Reached skill level 11 in Polearms
  3955 | D:8      | Found an ancient bone altar of Kikubaaqudgha.
  4108 | D:9      | Noticed a two-headed ogre
  4108 | D:9      | Noticed a two-headed ogre
  4124 | D:8      | Killed a two-headed ogre
  4171 | D:9      | Found a shadowy altar of Dithmenos.
  4355 | D:9      | Found an opulent altar of Gozag.
  4417 | D:9      | Reached XP level 11. HP: 84/84 MP: 11/11
  4456 | D:9      | Reached *** piety under Cheibriados
  4476 | D:9      | Reached skill level 12 in Polearms
  4479 | D:9      | Found a staircase to the Lair.
  4495 | Lair:1   | Entered Level 1 of the Lair of Beasts
  4577 | Lair:1   | Noticed an eight-headed hydra
  4593 | Lair:1   | Killed an eight-headed hydra
  4620 | Lair:1   | Gained mutation: You are strong-willed. (Will+) [potion of
                  | mutation]
  4620 | Lair:1   | Gained mutation: You are partially covered in iridescent
                  | scales. (AC +2) [potion of mutation]
  4620 | Lair:1   | Gained mutation: You are resistant to electric shocks.
                  | (rElec) [potion of mutation]
  4624 | Lair:1   | Mangled by a komodo dragon

Illustrated notes

Levels and vault maps discovered:
D:1:      dpeg_chamrin_arrival_tetris, layout_basic,
          dreamdust_ecumenical_altar_grove
D:2:      layout_rooms, serial_aquarium, aquarium_bridge_long_separate
          [aquarium_subvault_bridge, aquarium_subvault_wall,
          aquarium_subvault_bridge, aquarium_subvault_wall,
          aquarium_subvault_wall, aquarium_subvault_bridge], aquarium_window_1,
          aquarium_window_2, aquarium_window_corridor_3, aquarium_window_fake,
          aquarium_view_2c, aquarium_view_2b, aquarium_balcony_double_4,
          chequers_serial_rivers_micro_a, minmay_tripent, uniq_terence
D:3:      kennysheep_big_flooded_room, layout_loops_ring,
          mainiacjoe_overflow_alcove_2
D:4:      layout_loops_cross, mainiacjoe_overflow_six_doors_small, uniq_duvessa,
          uniq_grinder
D:5:      layout_cave_pods, amcnicky_altar_gilded, gammafunk_ghost_icy,
          minmay_strange_pillars
D:6:      layout_basic, minivault_1, uniq_maggie
D:7:      layout_layer_cave, nicolae_elyvilon_temple_path,
          minmay_temple_entry_wispy, uniq_pikel
D:8:      wander_kiku_kobolds, layout_loops_ring, fedhas_ov_isle_minmay,
          hangedman_decor_opposing
D:9:      minmay_the_grid_plus [minmay_the_grid_minigrid_medium,
          minmay_the_grid_empty, minmay_the_grid_garden, minmay_the_grid_mess,
          minmay_the_grid_prize_trominoes], layout_basic,
          nicolae_dithmenos_the_darkroom,
          chequers_temple_overflow_statue_of_worship,
          mainiacjoe_overflow_catwalk, grunt_gozag_breadcrumbs,
          david_lair_shrubbed
Temple:   nicolae_temple_x_marks_the_god
Lair:1:   layout_small_grid, nicolae_volcano_entry_batcave, beast_lair_carwin_9,
          grunt_megastairs_3

Skill      XL: |  1  2  3  4  5  6  7  8  9 10 11 |
---------------+----------------------------------+-----
Polearms       | 4 5 6 7 8 10 11 12 | 12.5
Fighting       | 3 4 6 7 8 |  8.3
Dodging        | 4 5 6 8 |  8.6
Throwing       | |  2.0

Action                   |  1- 3 |  4- 6 |  7- 9 | 10-12 || total
-------------------------+-------+-------+-------+-------++-------
Melee: Trident           |    94 |   149 |   204 |   384 ||   831
       Unarmed           |       |       |    24 |       ||    24
Throw: Dart              |     5 |    18 |    14 |     4 ||    41
       Throwing net      |       |     3 |     3 |       ||     6
Evoke: Wand              |       |       |     6 |     7 ||    13
  Use: Scroll            |       |     4 |     3 |     2 ||     9
       Potion            |       |     1 |     1 |     2 ||     4
 Stab: Confused          |       |       |     3 |       ||     3
       Paralysed         |       |       |       |    19 ||    19
       Sleeping          |       |       |       |     1 ||     1
Armor: Leather armour    |    21 |     3 |       |       ||    24
       Scale mail        |       |    36 |     2 |       ||    38
       Ring mail         |       |     1 |       |       ||     1
       Chain mail        |       |       |    31 |       ||    31
       Skin              |       |       |     5 |       ||     5
       Acid dragon scale |       |       |    40 |    60 ||   100
Dodge: Dodged            |    58 |    57 |   140 |   240 ||   495
